 Dungeon Crawl Stone Soup version 0.27-a0-1078-g0d77da13b5 (webtiles) character file.

Game seed: 3100313586565495104

114 drd the Sneak (level 4, -3/30 HPs)
             Began as an Octopode Brigand on Apr 25, 2021.
             Slain by an orc
             ... wielding a +0 club
              (6 damage)
             ... on level 4 of the Dungeon.
             The game lasted 00:03:04 (2895 turns).

drd the Sneak (Octopode Brigand)                    Turns: 2895, Time: 00:03:04

Health: -3/30      AC:  1    Str: 10    XL:     4   Next: 98%
Magic:  4/4        EV: 13    Int: 13    God:
Gold:   171        SH:  0    Dex: 14    Spells: 3/3 levels left

rFire    . . .     SeeInvis .   a - +2 dagger
rCold    . . .     Faith    .   (no shield)
rNeg     . . .     Spirit   .   (helmet restricted)
rPois    .         Reflect  .   (no amulet)
rElec    .         Harm     .   (no ring)
rCorr    .         Rampage  .   (no ring)
Will     .....                  (no ring)
Stlth    +++++.....             (no ring)
HPRegen  0.10/turn              (no ring)
MPRegen  0.09/turn              (no ring)
                                (no ring)
                                (no ring)

@: mighty
A: almost no armour, amphibious, 8 rings, camouflage 1, gelatinous body 1,
(nimble swimmer 1), tentacles
a: no special abilities


You were on level 4 of the Dungeon.
You visited 1 branch of the dungeon, and saw 4 of its levels.

You collected 171 gold pieces.

Inventory:

Hand Weapons
 a - a +2 dagger (weapon)
Missiles
 b - 8 poisoned darts (quivered)
 c - 6 curare-tipped darts
Wands
 o - a wand of polymorph (7)
Scrolls
 f - a scroll of vulnerability {unknown}
 i - a scroll of blinking {unknown}
 j - 5 scrolls of identify {unknown}
 k - a scroll of holy word {unknown}
 l - a scroll of amnesia {unknown}
 m - a scroll of enchant weapon {unknown}
Potions
 d - a potion of might
 e - 2 potions of curing {unknown}
 g - a potion of resistance {unknown}
 h - 3 potions of haste {unknown}
 n - a potion of lignification {unknown}


   Skills:
 + Level 2.4 Fighting
 + Level 2.7 Short Blades
 + Level 2.2 Throwing
 + Level 1.1 Dodging
 + Level 7.4 Stealth


You had 3 spell levels left.
You didn't know any spells.
Your spell library contained the following spells:

 Spells                   Type           Power      Damage    Failure   Level
 Corona                   Hex            0%         N/A       30%         1
 Ensorcelled Hibernation  Hex/Ice        0%         N/A       43%         2
 Confusing Touch          Hex            0%         N/A       67%         3
 Dazzling Flash           Conj/Hex       0%         N/A       67%         3
 Tukima's Dance           Hex            0%         N/A       67%         3


Dungeon Overview and Level Annotations

Branches:
Dungeon (4/15)
 Temple: D:4-7

Altars:
Ru
The Shining One


Innate Abilities, Weirdness & Mutations

You cannot wear most types of armour.
You are amphibious.
You can wear up to eight rings at the same time.
Your skin changes colour to match your surroundings (Stealth+).
Your rubbery body absorbs attacks. (AC +1, EV +1)
((You are camouflaged near water. (Stealth+)))
You have tentacles for arms and can constrict up to eight enemies at once.


Message History

You are too injured to fight recklessly!
You are too injured to fight recklessly!
You are too injured to fight recklessly!
You are too injured to fight recklessly!
You are too injured to fight recklessly!
You are too injured to fight recklessly!
You are too injured to fight recklessly!
You are too injured to fight recklessly!
You are too injured to fight recklessly!
You are too injured to fight recklessly!
You are too injured to fight recklessly!
Unknown command.
You hit the orc. Your grab misses the orc.
The orc is heavily wounded.
You constrict the orc.
The orc shouts!
You hit the orc.
You kill the orc!
You constrict the orc.
You kill the orc!
You closely miss the orc.
The bullfrog croaks.
You grab the orc. You squeeze the orc, but do no damage.
You constrict the orc, but do no damage.
You hear a bark!
The bullfrog swells and bulges.
The orc closely misses you.
You hit the orc.
The orc is lightly wounded.
You constrict the orc, but do no damage.
The orc hits you with a +0 club.
* * * LOW HITPOINT WARNING * * *
You hit the orc but do no damage.
The orc is lightly wounded.
You constrict the orc. The orc closely misses you.
Unknown command.
It was a potion of might.
You feel very mighty all of a sudden.
You constrict the orc. The orc hits you with a +0 club.
You die...

####.##### ##
#........#
...##........#
#...........###
##.(..........
#..........# #####.
..#..<.)...##......
#..$......)#.......
......[......@)......
.#####.######go......
#. #..F..... ..
#..o..... ..#
#........ >..
##......( .......
.......


You could see a bullfrog, 2 orcs and a hobgoblin.

Vanquished Creatures
  5 adders (D:3)
  3 orcs (D:4)
  5 ball pythons
  5 endoplasms
  A giant cockroach (D:3)
  5 hobgoblins
  8 jackals (D:1)
  7 kobolds
  A quokka (D:3)
  5 bats
  2 frilled lizards
  8 goblins
  8 rats
63 creatures vanquished.

Notes
Turn   | Place    | Note
-------+----------+-------------------------------------------
     0 | D:1      | drd the Octopode Brigand began the quest for the Orb.
     0 | D:1      | Reached XP level 1. HP: 14/14 MP: 1/1
   191 | D:1      | Reached XP level 2. HP: 14/19 MP: 2/2
   465 | D:1      | Reached skill level 6 in Stealth
   664 | D:1      | Reached XP level 3. HP: 24/24 MP: 3/3
   992 | D:2      | Found a faded altar of an unknown god.
  1443 | D:2      | Found a sacrificial altar of Ru.
  1827 | D:3      | Reached XP level 4. HP: 29/29 MP: 4/4
  2078 | D:3      | Reached skill level 7 in Stealth
  2518 | D:3      | Found a glowing golden altar of the Shining One.
  2879 | D:4      | Noticed a bullfrog
  2895 | D:4      | Slain by an orc

Illustrated notes

Levels and vault maps discovered:
D:1:      giann_wishing_wells, layout_basic, minmay_misc_feat_chi
D:2:      layout_basic, basic_altar, hellmonk_ecumenical_altar_arch_garden,
          guppyfry_early_lair_pool
D:3:      layout_loops_corners, general_overflow_altar
D:4:      layout_rooms, minitemple, grunt_decor_mini_mirrors

Skill      XL: |  1  2  3  4 |
---------------+-------------+-----
Stealth        | 6 7 |  7.4
Fighting       | |  2.4
Short Blades   | |  2.7
Throwing       | |  2.2
Dodging        | |  1.1

Action                   |  1- 3 |  4- 6 || total
-------------------------+-------+-------++-------
Melee: Dagger            |    63 |    46 ||   109
       Constrict         |     7 |     9 ||    16
       Tentacles         |     3 |     6 ||     9
  Use: Potion            |       |     1 ||     1
 Stab: Sleeping          |    26 |     5 ||    31
Armor: Skin              |     2 |     1 ||     3
Dodge: Dodged            |    20 |    23 ||    43

Table legend: (Time is in decaauts)
 A = Elapsed time spent in this place.
 B = Non-inter-level travel time spent in this place.
 C = Inter-level travel time spent in this place.
 D = Time resting spent in this place.
 E = Time spent auto-exploring this place.
 F = Levels seen in this place.
 G = Mean time per level.
                   A        B        C        D        E       F      G
               +--------+--------+--------+--------+--------+-----+--------+
         Total |   2881 |   2825 |     56 |      0 |   2477 |   4 |  720.2 |
       Dungeon |   2881 |   2825 |     56 |      0 |   2477 |   4 |  720.2 |
               +--------+--------+--------+--------+--------+-----+--------+

Top non-repeatable levels by time:
     D:3: 1195 daAuts
     D:1: 948 daAuts
     D:2: 720 daAuts
     D:4: 16 daAuts
